 Dungeon Crawl Stone Soup version 0.22-a0-460-g49b1da7 (webtiles) character file.

207 emperorscorpion the Insei (level 5, -3/40 HPs)
             Began as a Draconian Transmuter on June 9, 2018.
             Was an Initiate of Dithmenos.
             Slain by an orc
             ... wielding a +0 dagger
              (4 damage)
             ... on level 3 of the Dungeon.
             The game lasted 00:04:44 (3299 turns).

emperorscorpion the Insei (Draconian Transmuter)    Turns: 3299, Time: 00:04:45

Health: -3/40      AC:  7    Str: 12    XL:     5   Next: 54%
Magic:  7/8        EV: 13    Int: 14    God:    Dithmenos [......]
Gold:   235        SH:  0    Dex: 12    Spells: 2/8 levels left

rFire    . . .     SeeInvis .     - Unarmed
rCold    . . .     Gourm    .   (no shield)
rNeg     . . .     Faith    .   (armour unavailable)
rPois    .         Spirit   .   (helmet restricted)
rElec    .         Reflect  .   k - +1 cloak (curse)
rCorr    .         Harm     .   (no gloves)
MR       .....     Rnd*Tele +   (no boots)
Stlth    +.........             (no amulet)
HPRegen  0.13/turn              o - ring of teleportation (curse)
MPRegen  0.11/turn              (no ring)

@: no status effects
A: unfitting armour, cold-blooded, AC +5
a: Renounce Religion


You were on level 3 of the Dungeon.
You worshipped Dithmenos.
Dithmenos was noncommittal.
You were not hungry.

You visited 1 branch of the dungeon, and saw 3 of its levels.

You collected 235 gold pieces.

Inventory:

Missiles
 a - 41 arrows
 d - 19 poisoned needles
 e - 37 bolts
 l - 92 stones (quivered)
Armour
 k - a cursed +1 cloak (worn)
Jewellery
 o - a cursed ring of teleportation (left hand)
Scrolls
 b - a scroll of immolation
 h - 2 scrolls of teleportation
 p - a scroll of fear {unknown}
 r - a scroll of enchant weapon
 s - a scroll of amnesia {unknown}
Potions
 f - 2 potions of flight
 g - 2 potions of curing
 i - a potion of ambrosia {unknown}
 j - a potion of cancellation {unknown}
 m - 2 potions of agility {unknown}
 n - a potion of lignification {unknown}
Comestibles
 c - 5 rations
 q - 3 chunks of flesh


   Skills:
 + Level 1.2 Fighting
 + Level 3.0 Dodging
 + Level 4.6 Unarmed Combat
 + Level 2.4 Spellcasting
 + Level 3.0 Transmutations
 + Level 0.9 Poison Magic


You had 2 spell levels left.
You knew the following spells:

 Your Spells              Type           Power        Failure   Level  Hunger
a - Beastly Appendage     Tmut           ##....       7%          1    #......
b - Sticks to Snakes      Tmut           ##......     10%         2    ###....
c - Spider Form           Tmut/Pois      #.........   30%         3    ###....

Your spell library contained the following spells:

 Spells                   Type           Power        Failure   Level  Hunger
 Blade Hands              Tmut           ##........   88%         5    ######.
 Ice Form                 Ice/Tmut       #.......     77%         4    #####..


Dungeon Overview and Level Annotations

Branches:
Dungeon (3/15)

Altars:
Cheibriados
Dithmenos
Hepliaklqana
Nemelex Xobeh


Innate Abilities, Weirdness & Mutations

Your plain brown scales are hard. (AC +5)
You cannot fit into any form of body armour.
You are cold-blooded and may be slowed by cold attacks.


Message History

You closely miss the orc.
The orc is heavily wounded.
Your transformation has ended.
Your cursed +1 cloak unmelds from your body.
The orc closely misses you.
You hit the orc.
You kill the orc!
Dithmenos accepts your kill.
You closely miss the orc. The orc hits you but does no damage.
You hit the orc but do no damage. The orc closely misses you.
You barely miss the orc. The orc hits you with a dagger!
* * * LOW HITPOINT WARNING * * *
You closely miss the orc. The orc barely misses you.
You hit the orc but do no damage. The orc hits you with a dagger.
* * * LOW HITPOINT WARNING * * *
You barely miss the orc. The orc misses you.
You hit the orc but do no damage.
You tail-slap the orc, but do no damage.
The orc hits you with a dagger.
You die...

####### #.....# ##
#.....# #. #.....#
#... ## #.....# #.#
#...####.....####
..
#....o@..#.#......
#### #....###.._..#
#... #... .####.###
#<.. #.. ....#..###
#... ##
#.......######...
#.#..#..#....#...
#.....###......#...
#.##..###..##..#...
#.###..#..###..#...


You could see an orc.

Vanquished Creatures
  Terence (D:3)
  An orc wizard (D:3)
  A hound skeleton (D:3)
  6 adders
  An ooze (D:1)
  3 worms
  A dart slug (D:1)
  3 leopard geckos (D:1)
  12 orcs
  5 giant cockroaches
  5 goblins
  3 hobgoblins
  10 bats
  5 frilled lizards
  3 kobolds
  7 rats
67 creatures vanquished.

Vanquished Creatures (collateral kills)
  A goblin (D:2)
  A kobold (D:2)
2 creatures vanquished.

Grand Total: 69 creatures vanquished

Notes
Turn   | Place    | Note
-------+----------+-------------------------------------------
     0 | D:1      | emperorscorpion the Draconian Transmuter began the quest for the Orb.
     0 | D:1      | Reached XP level 1. HP: 16/16 MP: 3/3
     1 | D:1      | Noticed an electric eel
    93 | D:1      | Reached XP level 2. HP: 21/23 MP: 3/5
   499 | D:1      | Learned a level 2 spell: Sticks to Snakes
   628 | D:1      | Reached XP level 3. HP: 17/28 MP: 4/6
  1584 | D:2      | Learned a level 3 spell: Spider Form
  2016 | D:2      | Found a sparkling altar of Nemelex Xobeh.
  2038 | D:2      | Found a hazy altar of Hepliaklqana.
  2111 | D:2      | Reached XP level 4. HP: 31/35 MP: 7/7
  2173 | D:2      | Reached skill level 4 in Unarmed Combat
  2758 | D:3      | Noticed Terence
  2771 | D:3      | Killed Terence
  2771 | D:3      | Reached XP level 5. HP: 19/40 MP: 5/8
  3147 | D:3      | Found a shadowy altar of Dithmenos.
  3192 | D:3      | Became a worshipper of Dithmenos the Shadowed
  3259 | D:3      | Found a snail-covered altar of Cheibriados.
  3295 | D:3      | HP: 1/40 [orc/dagger (7)]
  3299 | D:3      | Slain by an orc

Vault maps used:
D:1:      arrival_aquarium_a
D:2:      minmay_door_path, lemuel_round_altar, lemuel_doored_altar,
          minivault_27, hangedman_decor_lopped
D:3:      lemuel_crystal_altar, nicolae_dithmenos_shadow_blocks, uniq_terence

Skill      XL: |  1  2  3  4  5 |
---------------+----------------+-----
Dodging        | 2 3 |  3.0
Unarmed Combat | 4 |  4.6
Transmutations | 3 |  3.0
Fighting       | |  1.2
Spellcasting   | |  2.4
Poison Magic   | |  0.9

Action                   |  1- 3 |  4- 6 || total
-------------------------+-------+-------++-------
Melee: Unarmed           |   126 |   117 ||   243
       Kick              |     9 |       ||     9
       Headbutt          |     4 |     1 ||     5
       Tailslap          |     8 |     4 ||    12
 Cast: Beastly Appendage |    14 |     1 ||    15
       Sticks to Snakes  |     5 |       ||     5
       Spider Form       |     2 |    10 ||    12
  Use: Scroll            |     3 |     2 ||     5
       Potion            |     2 |       ||     2
  Eat: Chunk             |     5 |     6 ||    11
Armor: Skin              |    44 |    12 ||    56
Dodge: Dodged            |   101 |    79 ||   180

Table legend:
 A = Spawn XP
 B = Non-spawn XP
 C = Spawn XP percentage of total XP
 D = Spawn monster count
 E = Non-spawn monster count
 F = Spawn count percentage of total count
 G = Total turns spent on level
                    A         B        C        D         E        F      G
               +---------+---------+-------+---------+---------+-------+---------
         Total |       0 |     297 |   0.0 |       0 |      69 |   0.0 |  3299
               +---------+---------+-------+---------+---------+-------+---------
           D:1 |       0 |      42 |   0.0 |       0 |      22 |   0.0 |  1022
           D:2 |       0 |      84 |   0.0 |       0 |      21 |   0.0 |  1309
           D:3 |       0 |     171 |   0.0 |       0 |      26 |   0.0 |   968
               +---------+---------+-------+---------+---------+-------+---------
